Map: Pillars of Gold LE

Players

SKillous

  • Race: Protoss Protoss
  • League: Grandmaster
  • Spawn Location: 7:00

Lambo - Winner!

  • Race: Zerg Zerg
  • Spawn Location: 1:00

Event: DreamHack SC2 Masters 2020 Summer Europe

VOD

Have the link to the VOD?

Description

Time

  • Played on: July 5, 2020, 10:50 a.m.
  • Length: 8:48

All games in this series

Show
View Real Time Build Order
Export as new Build Order

SKillous Protoss 

Build Orders: 1 Gate Expand, Mass Adepts 

Get SALT Encoding   

  12  0:00  Probe  
  13  0:12  Probe  
  14  0:20  Pylon  
  14  0:24  Probe  
  15  0:34  Probe  
  15  0:42  Gateway, Probe  
  17  0:51  Assimilator  
  17  0:54  Probe  
  18  1:06  Probe  
  19  1:18  Probe  
  20  1:28  Nexus  
  20  1:40  Cybernetics Core  
  20  1:43  Probe  
  21  1:48  Assimilator  
  21  1:55  Probe  
  21  1:57  Pylon  
  22  2:06  Adept  
  22  2:07  Probe  
  23  2:17  Warp Gate  
  23  2:19  Probe  
  26  2:26  Stalker  
  26  2:28  Twilight Council  
  26  2:31  Probe  
  29  2:42  Probe  
  29  2:43  Probe  
  30  2:50  Probe  
  31  2:55  Probe  
  33  2:58  Resonating Glaives  
  33  3:00  Robotics Facility, Probe  
  34  3:07  Gateway  
  34  3:09  Probe  
  35  3:13  Probe  
  36  3:21  Probe  
  36  3:22  Adept  
  36  3:26  Probe  
  40  3:32  Gateway  
  40  3:36  Gateway  
  40  3:37  Warp Prism  
  42  3:48  Probe  
  42  3:50  Probe  
  42  3:54  Pylon  
  44  3:59  Pylon  
  44  4:00  Probe  
  45  4:03  Probe  
  45  4:07  Assimilator  
  46  4:12  Adept x2  
  46  4:15  Observer  
  46  4:16  Probe  
  52  4:31  Pylon  
  52  4:33  Adept x2  
  52  4:34  Adept x2  
  60  4:38  Pylon  
  60  4:39  Immortal  
  64  4:54  Pylon  
  64  4:57  Adept  
  64  4:58  Adept x2  
  64  4:59  Adept  
  68  5:10  Immortal  
  56  5:15  Gateway  
  56  5:16  Gateway  
  60  5:26  Gateway  
  60  5:32  Gateway  
  60  5:35  Adept  
  62  5:44  Adept x3  
  68  5:57  Pylon  
  68  6:04  Pylon  
  68  6:05  Adept  
  68  6:06  Adept x3  
  68  6:09  Adept  
  77  6:12  Adept  
  79  6:25  Adept  
  81  6:30  Adept x5  
  88  6:34  Adept  
  88  6:45  Adept x2  
  80  7:03  Adept x3  
  80  7:04  Adept x3  
  90  7:09  Adept  
  90  7:10  Adept  
  74  7:25  Adept x5  
  70  7:32  Adept x2  
  70  7:36  Adept  
  60  7:46  Adept  
  60  7:47  Adept x2  
  60  7:51  Adept  
  58  7:56  Adept x2  
  48  8:11  Adept x6  
Show
View Real Time Build Order
Export as new Build Order

Lambo Zerg - Winner!

Build Orders: Hatch First 

Get SALT Encoding   

  12  0:01  Drone  
  13  0:12  Overlord  
  13  0:17  Drone  
  14  0:31  Drone x2  
  16  0:45  Drone  
  17  0:53  Hatchery  
  17  0:57  Drone  
  17  1:00  Drone  
  18  1:10  Extractor  
  17  1:15  Spawning Pool  
  16  1:19  Drone  
  16  1:22  Drone  
  18  1:28  Drone  
  19  1:39  Drone  
  20  1:53  Overlord  
  20  2:01  Queen  
  20  2:06  Queen  
  20  2:07  Zergling x4  
  26  2:13  Metabolic Boost  
  26  2:14  Drone  
  27  2:16  Drone  
  27  2:22  Drone  
  29  2:28  Drone  
  30  2:40  Hatchery  
  29  2:46  Drone  
  29  2:48  Drone  
  29  2:50  Drone  
  32  2:53  Overlord  
  32  3:00  Queen  
  35  3:05  Drone  
  35  3:06  Drone  
  36  3:14  Drone x3  
  36  3:19  Drone x3  
  42  3:23  Drone  
  43  3:31  Overlord  
  43  3:36  Extractor, Queen  
  45  3:44  Overlord  
  45  3:49  Drone  
  45  3:50  Drone x4  
  45  3:52  Drone  
  51  3:56  Queen  
  51  3:58  Drone  
  51  4:02  Roach Warren  
  53  4:03  Overlord  
  53  4:08  Drone  
  54  4:13  Zergling x10  
  54  4:15  Zergling x4  
  61  4:20  Spine Crawler  
  61  4:22  Spore Crawler  
  59  4:24  Spore Crawler  
  59  4:28  Drone, Spore Crawler  
  59  4:30  Zergling x4  
  60  4:36  Zergling x8  
  66  4:47  Roach x4  
  66  4:48  Overlord  
  74  5:05  Overlord  
  74  5:06  Spore Crawler  
  70  5:08  Drone x6  
  70  5:10  Drone x5  
  70  5:12  Drone  
  77  5:16  Drone  
  77  5:20  Drone, Spore Crawler  
  77  5:24  Extractor x2  
  77  5:25  Evolution Chamber  
  74  5:29  Drone x2  
  74  5:32  Drone  
  74  5:33  Drone  
  78  5:37  Drone x3  
  78  5:39  Drone  
  82  5:43  Drone  
  82  5:44  Drone  
  82  5:48  Drone x2  
  86  5:52  Zerg Missile Weapons Level 1, Overlord  
  86  5:55  Roach x2  
  86  5:56  Overlord x2  
  89  5:58  Overlord  
  89  6:00  Overlord  
  88  6:05  Overlord, Extractor x2  
  88  6:07  Overlord  
  88  6:08  Overlord  
  86  6:13  Ravager x2  
  86  6:14  Ravager x2  
  86  6:15  Roach  
  92  6:19  Roach, Zergling x10  
  92  6:21  Roach, Spine Crawler  
  92  6:22  Zergling x2  
  101  6:28  Roach x3  
  101  6:32  Roach x2  
  107  6:35  Roach, Zergling x2  
  107  6:40  Roach  
  107  6:41  Roach x2  
  107  6:45  Roach x3  
  111  6:48  Roach, Zergling x2  
  111  6:53  Roach x2  
  114  6:56  Roach x2, Zergling x2  
  113  7:01  Roach  
  113  7:05  Roach  
  113  7:06  Roach, Zergling x4  
  113  7:08  Roach  
  120  7:09  Roach  
  120  7:14  Roach x3  
  125  7:17  Roach  
  125  7:21  Roach  
  125  7:22  Roach x2  
  126  7:26  Roach  
  118  7:31  Roach x2  
  118  7:33  Roach  
  118  7:35  Zergling x2  
  117  7:38  Roach  
  117  7:40  Roach  
  111  7:44  Roach  
  111  7:47  Lair  
  111  7:48  Roach x4  
  109  7:54  Ravager, Zergling x4  
  110  8:01  Roach x2  
  110  8:05  Extractor  
  104  8:13  Roach x6  
  104  8:17  Roach x3  
Tags
 
Add a new tag
Caveats
  • Supply blocks, unpowered buildings, or Contaminate may cause inaccurate times.
  • Supply counts are checked every 10 seconds.